 Dungeon Crawl Stone Soup version 0.18-a0-1670-gb40d73e (webtiles) character file.

118 George the Slasher (level 4, -1/39 HPs)
             Began as a Minotaur Fighter on Apr 1, 2016.
             Slain by an adder (2 damage)
             ... on level 3 of the Dungeon.
             The game lasted 00:10:23 (1634 turns).

George the Slasher (Minotaur Fighter)               Turns: 1634, Time: 00:10:24

Health: -1/39      AC: 12    Str: 22    XL:     4   Next: 72%
Magic:  3/3        EV:  7    Int:  5    God:
Gold:   132        SH:  0    Dex:  9    Spells: 0 memorised, 3 levels left

rFire  . . .     SeeInvis .     a - +0 long sword
rCold  . . .     Gourm    .     b - +0 scale mail
rNeg   . . .     Faith    .     c - +0 shield
rPois  .         Spirit   .     (helmet restricted)
rElec  .         Dismiss  .     (no cloak)
rCorr  .         Reflect  .     l - +0 pair of gloves
SustAt .         Harm     .     (no boots)
MR     .....                    (no amulet)
Stlth  ..........               (no ring)
                                h - +4 ring of protection

@: confused, not resistant to hostile enchantments, extremely unstealthy
A: retaliatory headbutt, horns 2
a: no special abilities


You were on level 3 of the Dungeon.
You were hungry.

You visited 1 branch of the dungeon, and saw 3 of its levels.

You collected 132 gold pieces.

Inventory:

Hand Weapons
 a - a +0 long sword (weapon)
Armour
 b - a +0 scale mail (worn)
 c - a +0 shield (worn)
 l - a +0 pair of gloves (worn)
Jewellery
 h - a +4 ring of protection (left hand)
Scrolls
 g - 2 scrolls of identify {unknown}
 i - 3 scrolls of remove curse {unknown}
 m - a scroll of magic mapping {unknown}
 q - a scroll of recharging {unknown}
Potions
 d - a potion of might
 j - a potion of heal wounds {unknown}
 k - a potion of brilliance {unknown}
 n - 2 potions of degeneration {unknown}
 p - a potion of flight {unknown}
Comestibles
 f - 4 bread rations
 r - 4 chunks of flesh


   Skills:
 - Level 3.6 Fighting
 + Level 6.0 Long Blades
 - Level 3.6 Armour
 - Level 3.6 Shields


You had 3 spell levels left.
You didn't know any spells.

Dungeon Overview and Level Annotations

Branches:
Dungeon (3/15)

Altars:
Fedhas
Qazlal

Annotations:
D:2 rF


Innate Abilities, Weirdness & Mutations

You reflexively headbutt those who attack you in melee.
You have a pair of horns on your head.


Message History

The orc wizard casts a spell.
The orc wizard blinks!
The orc wizard mumbles some strange words.
The orc wizard flickers and vanishes!
Deactivating autopickup; reactivate with Ctrl-A.
You bump into the rock wall.
The adder bites you but does no damage.
You hear some strange, mumbled words.
A magic dart appears from out of thin air!
The magic dart hits you!
* * * LOW HITPOINT WARNING * * *
The adder bites you but does no damage.
The orc wizard gestures wildly while chanting.
The orc wizard flickers and vanishes!
You closely miss something.
You hear some strange, mumbled words.
A magic dart appears from out of thin air!
The magic dart hits you!
* * * LOW HITPOINT WARNING * * *
The adder bites you.
You die...

#..##...........#
####(..............# .
##..)..##...........#.#
##..##.#######...#o..#.#
#..###.# #...#...##..#
..## #.# #...####.....#
### #.# #... ##...### .
#.# #.. ##{S{...# ..
#.##... #.@#.#### ...
.#... #.##o# ##.. ..#.
#. #S# ##. .. #o# #. ###
..# .## . #.


You could see an orc wizard and an adder.

Vanquished Creatures
  An orc wizard (D:3)
  3 adders
  2 worms (D:2)
  A dart slug (D:1)
  2 giant geckos
  5 orcs
  11 bats
  3 giant cockroaches
  4 hobgoblins
  2 jackals (D:2)
  3 kobolds (D:2)
  3 quokkas (D:2)
  4 giant newts
  3 goblins
  3 rats (D:2)
50 creatures vanquished.

Notes
Turn   | Place    | Note
--------------------------------------------------------------
     0 | D:1      | George the Minotaur Fighter began the quest for the Orb.
     0 | D:1      | Reached XP level 1. HP: 19/19 MP: 0/0
    47 | D:1      | Reached skill level 3 in Long Blades
    57 | D:1      | Reached XP level 2. HP: 25/26 MP: 1/1
   168 | D:1      | Reached skill level 4 in Long Blades
   450 | D:2      | Reached XP level 3. HP: 31/31 MP: 2/2
   669 | D:2      | Found a blossoming altar of Fedhas.
  1092 | D:2      | Reached skill level 5 in Long Blades
  1174 | D:2      | Found a stormy altar of Qazlal.
  1220 | D:2      | Reached XP level 4. HP: 39/39 MP: 3/3
  1594 | D:3      | Reached skill level 6 in Long Blades
  1634 | D:3      | HP: 1/39 [something/magic dart (4)]
  1634 | D:3      | Slain by an adder

Vault maps used:
D:1:      dpeg_arrival_court
D:2:      marbit_many_paths, grunt_qazlal_clouds, first_bread,
          grunt_decor_resistance, lemuel_flame_loot_1

Skill      XL: |  1  2  3  4 |
---------------+-------------+-----
Long Blades    | 3 4 5 6 |  6.0
Fighting       | |  3.6
Armour         | |  3.6
Shields        | |  3.6

Action                   |  1- 3 |  4- 6 || total
-------------------------+-------+-------++-------
Melee: Long sword        |   107 |    46 ||   153
  Eat: Chunk             |     1 |     1 ||     2
